 Dungeon Crawl Stone Soup version 0.30-a0-632-g346586fe48 (webtiles) character file.

Game seed: 5001963126383181806

130 drugrobin the Insei (level 4, -3/37 HPs)
             Began as a Demigod Delver on Jan 13, 2023.
             Splashed by a jelly's acid (5 damage)
             ... on level 3 of the Dungeon.
             The game lasted 00:07:38 (2384 turns).

drugrobin the Insei (Demigod Delver)                Turns: 2384, Time: 00:07:39

Health: -3/37      AC: -3    Str: 13    XL:     4   Next: 59%
Magic:  6/6        EV: 12    Int: 12    God:
Gold:   175        SH:  0    Dex: 19    Spells: 3/3 levels left

rFire   . . .      SeeInvis .    w - +1 short sword (flame)
rCold   . . .      Faith    .    (no shield)
rNeg    + . .      Spirit   .    a - +0 leather armour
rPois   .          Reflect  .    (no helmet)
rElec   .          Harm     .    h - +0 cloak
rCorr   .          Rampage  .    q - +0 pair of gloves
Will    .....                    (no boots)
Stlth   +++                      A - amulet of the acrobat
HPRegen 0.26/turn                t - ring of positive energy
MPRegen 0.10/turn                (no ring)

@: corroded
A: high MP 1, forlorn, divine attributes
a: no special abilities


You were on level 3 of the Dungeon.
You visited 1 branch of the dungeon, and saw 5 of its levels.

You collected 175 gold pieces.

Inventory:

Hand Weapons
 w - a +1 short sword of flaming (weapon)
Missiles
 x - 5 javelins (quivered)
Armour
 a - a +0 leather armour (worn)
 h - a +0 cloak (worn)
 q - a +0 pair of gloves (worn)
Jewellery
 t - a ring of positive energy (left hand)
 v - a ring of fire
 A - an amulet of the acrobat (around neck)
Wands
 f - a wand of digging (2)
Scrolls
 b - a scroll of fog
 c - 2 scrolls of magic mapping
 i - a scroll of brand weapon {unknown}
 j - 3 scrolls of identify {unknown}
 k - a scroll of enchant armour {unknown}
 m - 3 scrolls of noise {unknown}
 y - a scroll of torment {unknown}
 z - a scroll of teleportation {unknown}
Potions
 e - a potion of haste
 g - 4 potions of curing {unknown}
 l - a potion of ambrosia {unknown}
 n - a potion of lignification {unknown}
 o - 2 potions of mutation {unknown}
 p - a potion of degeneration {unknown}
 r - a potion of flight {unknown}
 s - a potion of invisibility {unknown}
 u - a potion of cancellation {unknown}


   Skills:
 - Level 2.6 Fighting
 - Level 1.7 Dodging
 - Level 4.5 Stealth
 + Level 4.7 Unarmed Combat


You had 3 spell levels left.
You didn't know any spells.
Your spell library contained the following spells:

 Spells                   Type           Power      Damage    Failure   Level
 Freeze                   Ice            0%         1d3       38%         1
 Frozen Ramparts          Ice            0%         1d1       77%         3
 Hailstorm                Conj/Ice       0%         3d3       77%         3
 Ozocubu's Armour         Ice            0%         N/A       77%         3
 Portal Projectile        Hex/Tloc       0%         N/A       77%         3
 Tukima's Dance           Hex            0%         N/A       77%         3
 Blade Hands              Tmut           0%         N/A       100%        5
 Ozocubu's Refrigeration  Ice            0%         4d7       100%        7


Dungeon Overview and Level Annotations

Branches:
Dungeon (5/15)
 Temple: D:4-7

Annotations:
D:2 exclusion: kobold, Terence
D:3 exclusion: adder
D:4 exclusion: hound
D:5 exclusion: orc


Innate Abilities, Weirdness & Mutations

You have an increased reservoir of magic. (+10% MP)
You shall have no god before yourself.
Your divine heritage dramatically boosts your attributes as you level up.


Message History

Unknown command.
Unknown command.
You hit the jelly but do no damage.
Your hands burn!
You punch the jelly.
The jelly is moderately wounded.
The jelly misses you.
Unknown command.
Unknown command.
Unknown command.
Unknown command.
Unknown command.
Unknown command.
You hit the jelly. You burn the jelly. The acid corrodes you!
Your hands burn!
The jelly is severely wounded.
The jelly barely misses you.
Unknown command.
Unknown command.
Unknown command.
Unknown command.
Unknown command.
Unknown command.
Unknown command.
Okay, then.
Okay, then.
Unknown command.
As you read the scroll of fear, it crumbles to dust.
You assume a fearsome visage.
The jelly looks frightened!
The endoplasm looks frightened! x3
The jelly attacks as you move away! The jelly completely misses you.
You hit the jelly but do no damage.
Your attack snaps the jelly out of its fear.
Your hands burn!
* * * LOW HITPOINT WARNING * * *
The jelly is severely wounded.
The jelly hits you.
* * * LOW HITPOINT WARNING * * *
You are splashed with acid!
* * * LOW HITPOINT WARNING * * *
Unknown command.
You hit the jelly but do no damage.
Your hands burn!
You die...

.# # #.## .##.# ######## #...
....# ##########...÷..# #..#
.##.# #####......##'....P.# #...
.## # #.##.......#)#.J....# ##.#
.##.###.'........#J#.P....# #.#
###.....'........#.#J.÷J..#####.#
# ##..'......#'#J#....JP##..... #
#..##.....#@#J#JJ÷...#####.# #
##)####....#J#.#....P.# #.# #
##)#.# #######.##..÷.J$# #.# #
##)###.# ### #.. ###.## #..
################ ...#.# # ...
#.......#....... ##.##.#. ...#
#######.#.###### ##)# #.# ###
#.#.# ##.# #.# #.#.# ##


You could see a jelly.

Vanquished Creatures
  An orc priest (D:3)
  3 adders
  A worm (D:3)
  A dart slug (D:3)
  4 orcs (D:3)
  6 endoplasms
  3 giant cockroaches
  4 goblins
  5 hobgoblins
  3 jackals (D:1)
  2 quokkas (D:2)
  4 ball pythons
  7 bats
  A frilled lizard (D:1)
  11 kobolds
  5 rats
61 creatures vanquished.

Vanquished Creatures (others)
  12 toadstools (D:3)
12 creatures vanquished.

Grand Total: 73 creatures vanquished

Notes
Turn   | Place    | Note
-------+----------+-------------------------------------------
     0 | D:5      | drugrobin the Demigod Delver began the quest for the Orb.
     0 | D:5      | Reached XP level 1. HP: 18/18 MP: 3/3
    73 | D:4      | Noticed a hound
   365 | D:1      | Reached XP level 2. HP: 25/25 MP: 4/4
  1283 | D:1      | Reached XP level 3. HP: 30/30 MP: 5/5
  1871 | D:2      | Noticed Terence
  2093 | D:3      | Reached XP level 4. HP: 16/37 MP: 6/6
  2384 | D:3      | Splashed by a jelly's acid

Illustrated notes

Levels and vault maps discovered:
D:1:      dpeg_arrival_prison, layout_loops_ring, nrook_mini_backslash,
          minmay_misc_feat_five, dk_noncrumbling_3,
          minmay_misc_feat_four_crosses, minmay_misc_feat_enclosed,
          minmay_tetromino_i4
D:2:      layout_loops_ring, basic_altar, uniq_terence
D:3:      cheibrodos_fertilizer, layout_loops_ring,
          chequers_ecumenical_altar_island
D:4:      kennysheep_six_static_rooms, layout_loops_ring,
          overflow_temple_1_default, minmay_temple_entry_hall
D:5:      layout_rooms

Skill      XL: |  1  2  3 |
---------------+----------+-----
Unarmed Combat | 2 3 4 |  4.7
Fighting       | |  2.6
Dodging        | |  1.7
Stealth        | |  4.5

Action                   |  1- 3 |  4- 6 || total
-------------------------+-------+-------++-------
Melee: Unarmed           |   215 |    35 ||   250
       Punch             |     5 |     4 ||     9
       Short sword       |       |     5 ||     5
Throw: Javelin           |       |     6 ||     6
Evoke: Wand              |     1 |       ||     1
  Use: Scroll            |       |     1 ||     1
 Stab: Sleeping          |    10 |     3 ||    13
Armor: Leather armour    |    86 |     5 ||    91
Dodge: Dodged            |   148 |    15 ||   163

Table legend: (Time is in decaauts)
 A = Elapsed time spent in this place.
 B = Non-inter-level travel time spent in this place.
 C = Inter-level travel time spent in this place.
 D = Time resting spent in this place.
 E = Time spent auto-exploring this place.
 F = Levels seen in this place.
 G = Mean time per level.
                   A        B        C        D        E       F      G
               +--------+--------+--------+--------+--------+-----+--------+
         Total |   2368 |   2289 |     79 |    161 |   1206 |   5 |  473.6 |
       Dungeon |   2368 |   2289 |     79 |    161 |   1206 |   5 |  473.6 |
               +--------+--------+--------+--------+--------+-----+--------+

Top non-repeatable levels by time:
     D:1: 1042 daAuts
     D:3: 670 daAuts
     D:2: 519 daAuts
     D:5: 73 daAuts
     D:4: 62 daAuts
